Map: 사이버 포레스트 - 래더

Players

TYTY (TY)

  • Race: Terran Terran
  • League: Grandmaster
  • Spawn Location: 5:00

Leenock - Winner!

  • Race: Zerg Zerg
  • League: Grandmaster
  • Spawn Location: 11:00

VOD

Have the link to the VOD?

Description

Time

  • Played on: April 9, 2019, 6:19 a.m.
  • Length: 9:57
Show
View Real Time Build Order
Export as new Build Order

TYTY Terran 

Build Orders: Reaper Expand 

Get SALT Encoding   

  12  0:01  SCV  
  13  0:13  SCV  
  14  0:17  Supply Depot  
  14  0:25  SCV  
  15  0:39  SCV  
  15  0:41  Barracks  
  16  0:44  Refinery  
  16  0:51  SCV  
  17  1:03  SCV  
  18  1:15  SCV  
  19  1:28  Reaper  
  19  1:30  Orbital Command  
  20  1:40  Command Center  
  20  1:48  Supply Depot  
  20  1:55  SCV  
  20  2:00  Marine  
  22  2:04  Factory  
  22  2:08  SCV  
  23  2:18  Marine  
  23  2:20  SCV  
  25  2:23  Barracks  
  25  2:32  SCV  
  26  2:39  Barracks Reactor  
  27  2:44  SCV  
  27  2:53  Orbital Command  
  27  2:56  SCV  
  28  3:07  Command Center  
  28  3:08  SCV  
  28  3:12  Barracks Tech Lab  
  29  3:15  Refinery  
  29  3:21  SCV  
  29  3:22  Hellion, Barracks Reactor  
  29  3:25  Hellion  
  34  3:28  SCV  
  34  3:33  SCV, Stimpack  
  36  3:36  Marine  
  36  3:40  SCV  
  38  3:43  Hellion  
  38  3:45  SCV  
  38  3:47  Hellion  
  43  3:52  SCV  
  43  3:53  Supply Depot  
  43  3:55  Marine  
  45  3:58  SCV  
  46  4:04  Supply Depot  
  46  4:13  Starport  
  46  4:15  Marine x2, SCV x2  
  50  4:18  Marine  
  52  4:24  Orbital Command  
  52  4:27  Hellion, SCV x2  
  55  4:32  Marine  
  55  4:34  Marine  
  57  4:39  SCV x2  
  57  4:40  Armory, Marine  
  60  4:46  Supply Depot  
  60  4:50  Hellion, Marine  
  60  4:52  Medivac x2  
  67  4:53  Marine  
  67  4:56  SCV  
  67  4:58  SCV x2  
  71  5:00  Marine  
  71  5:05  Supply Depot  
  72  5:08  Marine  
  72  5:09  SCV  
  72  5:10  Supply Depot  
  72  5:11  Marine  
  72  5:12  SCV, Factory Tech Lab  
  76  5:16  SCV  
  76  5:18  Marine  
  78  5:22  Bunker  
  74  5:31  Siege Tank  
  74  5:34  SCV  
  74  5:35  SCV, Engineering Bay  
  76  5:37  Marine, Engineering Bay  
  76  5:41  Supply Depot  
  77  5:44  Marine, SCV  
  77  5:45  Marine, Refinery  
  77  5:49  Barracks  
  80  5:50  Combat Shield  
  80  5:52  SCV  
  80  5:53  Refinery  
  80  5:56  Marine  
  82  6:00  SCV  
  82  6:01  Starport Reactor  
  82  6:02  Marine  
  85  6:09  SCV  
  85  6:10  Marine  
  90  6:12  SCV  
  90  6:14  Marine  
  90  6:15  Orbital Command  
  90  6:16  Terran Infantry Weapons Level 1  
  88  6:20  Supply Depot  
  88  6:21  Terran Infantry Armor Level 1  
  88  6:23  SCV  
  88  6:24  SCV  
  90  6:30  Siege Tank  
  90  6:31  Barracks  
  90  6:32  Barracks  
  93  6:34  Hellion x4  
  93  6:35  SCV  
  93  6:36  SCV  
  93  6:38  Supply Depot  
  95  6:41  SCV  
  96  6:47  SCV  
  96  6:48  SCV  
  96  6:51  Factory  
  96  6:53  SCV, Terran Vehicle Weapons Level 1  
  99  6:59  SCV  
  99  7:00  SCV  
  99  7:01  Refinery x2  
  101  7:03  Marine x2  
  101  7:05  Siege Tank, SCV  
  107  7:11  SCV  
  107  7:12  SCV  
  107  7:13  Medivac  
  111  7:17  SCV  
  111  7:18  Marine x2  
  111  7:20  Barracks Reactor x2  
  112  7:23  SCV  
  112  7:27  Marine x3  
  112  7:28  Supply Depot  
  116  7:30  Supply Depot  
  116  7:31  Supply Depot  
  116  7:36  Marine, Factory Tech Lab  
  117  7:38  Liberator  
  117  7:41  Marine  
  115  7:44  Marine  
  115  7:45  Marine  
  115  7:46  Liberator  
  115  7:49  Siege Tank  
  120  7:52  Bunker  
  120  7:53  Marine x2  
  120  7:57  Siege Tank  
  126  7:58  Marine  
  126  8:01  Marine x3  
  126  8:02  Marine x2  
  134  8:08  Marine  
  134  8:10  Marine  
  134  8:11  Marine  
  136  8:14  Command Center  
  136  8:16  Marine  
  136  8:17  Supply Depot  
  136  8:18  Supply Depot  
  136  8:19  Marine x3  
  140  8:20  Marine  
  140  8:26  Marine  
  139  8:27  Siege Tank  
  139  8:32  Siege Tank  
  139  8:33  Marine x3  
  123  8:38  SCV x2  
  123  8:40  Marine x2  
  123  8:41  Marine, Medivac  
  93  8:53  Marine x3  
  84  8:57  Marine x2  
  84  8:59  Siege Tank  
  86  9:15  Marine x3  
  86  9:16  Marine x3  
  92  9:21  Siege Tank  
  92  9:24  SCV x3  
  98  9:27  Marine x3  
  101  9:37  Marine x2  
  101  9:38  Marine x4  
Show
View Real Time Build Order
Export as new Build Order

Leenock Zerg - Winner!

Build Orders: Hatch First 

Get SALT Encoding   

  12  0:00  Drone  
  13  0:12  Overlord  
  13  0:17  Drone  
  14  0:30  Drone x2  
  14  0:34  Drone  
  17  0:52  Hatchery  
  17  0:55  Drone  
  17  0:58  Drone  
  17  1:03  Extractor  
  17  1:13  Spawning Pool  
  17  1:16  Drone  
  17  1:20  Drone  
  18  1:27  Drone  
  19  1:38  Overlord  
  19  1:50  Drone  
  20  1:59  Queen  
  20  2:00  Zergling x2  
  23  2:04  Queen, Metabolic Boost  
  23  2:06  Zergling x2  
  26  2:12  Drone  
  26  2:14  Drone  
  28  2:32  Hatchery  
  28  2:35  Drone  
  28  2:37  Drone  
  28  2:43  Queen  
  30  2:48  Overlord  
  30  2:51  Drone  
  30  2:53  Drone  
  30  2:56  Drone  
  30  2:58  Drone  
  34  3:00  Drone  
  34  3:05  Overlord  
  35  3:08  Drone  
  35  3:12  Drone x2  
  38  3:17  Drone  
  38  3:18  Drone  
  40  3:21  Drone  
  40  3:24  Queen  
  43  3:30  Queen  
  45  3:36  Overlord  
  45  3:37  Drone  
  46  3:42  Drone  
  46  3:43  Drone  
  48  3:50  Drone  
  48  3:53  Roach Warren  
  48  3:54  Drone  
  49  3:56  Drone x2  
  49  3:57  Drone  
  49  4:00  Drone x2  
  49  4:01  Drone x2  
  56  4:05  Drone x2  
  56  4:08  Overlord  
  58  4:21  Spore Crawler  
  57  4:25  Overlord  
  57  4:32  Spore Crawler  
  57  4:33  Roach x8  
  57  4:34  Roach  
  57  4:36  Overlord  
  74  4:42  Overlord  
  74  4:43  Extractor x2  
  74  4:44  Drone x3  
  74  4:45  Drone  
  76  4:48  Drone  
  76  4:49  Drone  
  78  4:53  Spore Crawler  
  78  4:54  Drone  
  78  5:01  Drone x4  
  78  5:02  Lair, Drone  
  78  5:04  Drone  
  78  5:06  Drone x2  
  86  5:10  Overlord  
  86  5:11  Drone  
  86  5:12  Drone  
  88  5:14  Drone  
  87  5:35  Drone x4  
  89  5:36  Drone x2  
  89  5:37  Extractor  
  89  5:38  Drone x2, Extractor  
  89  5:40  Roach x3, Evolution Chamber  
  89  5:41  Evolution Chamber  
  89  5:42  Roach  
  97  5:46  Overlord  
  97  5:49  Overlord  
  97  5:51  Overlord  
  97  5:53  Ravager  
  98  5:59  Overlord  
  98  6:03  Hatchery  
  97  6:04  Overlord  
  97  6:05  Overlord  
  97  6:09  Ravager  
  97  6:10  Ravager  
  101  6:11  Roach x5  
  101  6:12  Roach x2  
  101  6:15  Overlord x2  
  101  6:18  Glial Reconstitution  
  113  6:28  Zerg Ground Armor Level 1  
  113  6:30  Zergling x14  
  120  6:35  Zerg Missile Weapons Level 1, Overlord x2  
  120  6:42  Overlord  
  120  6:44  Zergling x4  
  122  6:50  Overlord  
  122  6:57  Roach x2  
  122  6:58  Roach x7  
  140  7:06  Roach x2  
  146  7:08  Roach  
  145  7:23  Roach  
  145  7:24  Roach x7  
  160  7:30  Roach x5  
  160  7:31  Roach, Overlord  
  170  7:39  Zergling x4  
  170  7:40  Zergling x2  
  172  7:45  Zergling x2  
  172  7:46  Zergling x8  
  172  7:47  Overlord  
  177  7:52  Ravager x3  
  177  7:53  Ravager x2  
  177  7:54  Zergling x2, Ravager  
  177  7:55  Zergling x14  
  191  7:59  Drone, Zergling x2  
  193  8:08  Ravager  
  193  8:09  Zergling x10, Ravager  
  189  8:33  Roach x2  
  161  8:35  Roach x4  
  139  8:42  Roach x5  
  139  8:43  Roach x3  
  139  8:44  Roach x7  
  152  8:54  Roach  
  152  8:55  Roach x5  
  154  8:59  Roach  
  154  9:02  Roach x3  
  153  9:05  Roach  
  155  9:10  Zergling x4  
  155  9:11  Zergling x4, Ravager  
  155  9:12  Zergling x4  
  155  9:13  Overseer  
  155  9:14  Drone x3  
  155  9:16  Overlord  
  165  9:17  Extractor  
  165  9:19  Ravager  
  166  9:24  Zergling x2  
  166  9:25  Zergling x4, Ravager  
  166  9:36  Zergling x2  
  166  9:37  Zergling x12, Overlord  
Tags
 
Add a new tag
Caveats
  • Supply blocks, unpowered buildings, or Contaminate may cause inaccurate times.
  • Supply counts are checked every 10 seconds.